 Dungeon Crawl Stone Soup version 0.29.1-15-g9cfb28693d (webtiles) character file.

Game seed: 14915042070089001440

6202 Amplified the Conjurer (level 10, -7/78 (79) HPs)
             Began as a Demonspawn Wanderer on Apr 29, 2023.
             Was a Believer of Vehumet.
             Killed from afar by Maggie (8 damage)
             ... with a bolt of fire
             ... on level 9 of the Dungeon.
             The game lasted 00:37:08 (12185 turns).

Amplified the Conjurer (Demonspawn Wanderer)       Turns: 12185, Time: 00:37:09

HP:   -7/78 (79)    AC: 26    Str: 13    XL:     10   Next: 61%
MP:   3/19          EV: 11    Int: 25    God:    Vehumet [**....]
Gold: 547           SH:  4    Dex: 14    Spells: 9/22 levels left

rFire   + . .      SeeInvis .   A - +11 rapier of Interdependent Arising {protect, rElec rN++ Will+ Str+2}
rCold   + . .      Faith    .   (no shield)
rNeg    + + .      Spirit   .   l - +1 robe {rC+ rF+}
rPois   +          Reflect  .   g - +2 helmet {Int+3}
rElec   +          Harm     .   s - +2 cloak {Stlth+}
rCorr   .          Rampage  .   b - +0 pair of gloves
Will    +....                   (no boots)
Stlth   +++.......              q - amulet of the acrobat
HPRegen 0.23/turn               i - +4 ring of slaying
MPRegen 0.16/turn               x - +6 ring of intelligence

@: spiked, sanguine armoured, under a protective aura, attractive, lightly
drained
A: claws 2, sanguine armour 2, demonic magic 1, large bone plates 1, clumsy 1,
poison resistance, subdued magic 1
a: Renounce Religion


You were on level 9 of the Dungeon.
You worshipped Vehumet.
Vehumet was pleased with you.
You visited 2 branches of the dungeon, and saw 11 of its levels.
You also visited: Bailey.

You collected 547 gold pieces.

Inventory:

Hand Weapons
 r - a +1 flail of freezing
 A - the +11 rapier of Interdependent Arising (weapon) {protect, rElec rN++ Will+ Str+2}
   (You found it on level 10 of the Dungeon)

   It grants its wielder temporary protection when it strikes (+7 to AC).
   Str:       It affects your strength (+2).
   rElec:     It insulates you from electricity.
   rN:        It greatly protects you from negative energy.
   Will:      It increases your willpower.
 B - a +2 vorpal double sword
Missiles
 c - 13 boomerangs
 k - 8 poisoned darts (quivered)
Armour
 b - a +0 pair of gloves (worn)
 d - a +0 robe
 e - a +0 pair of gloves
 g - a +2 helmet of intelligence (worn)
 j - a +0 crystal plate armour
 l - a +1 robe of resistance (worn)
 s - a +2 cloak of stealth (worn)
Magical Staves
 f - a staff of conjuration
Jewellery
 h - a ring of fire
 i - a +4 ring of slaying (left hand)
 m - a ring of magical power
 q - an amulet of the acrobat (around neck)
 w - the amulet of Moxtesash {Faith Dex+3}
   (You took it off a gnoll bouda on level 6 of the Dungeon)

   [amulet of faith]

   It allows you to gain divine favour quickly.
   Dex:       It affects your dexterity (+3).
 x - a +6 ring of intelligence (right hand)
Wands
 v - a wand of flame (28)
Scrolls
 p - a scroll of vulnerability
 u - 2 scrolls of amnesia
 y - a scroll of enchant weapon
 z - 3 scrolls of identify


   Skills:
 * Level 7.5 Fighting
 * Level 1.3 Short Blades
 - Level 6.2 Maces & Flails
 - Level 2.0 Armour
 - Level 1.0 Dodging
 - Level 1.0 Stealth
 * Level 6.6 Spellcasting
 * Level 7.6 Conjurations
 * Level 6.5 Fire Magic


You had 9 spell levels left.
You knew the following spells:

 Your Spells              Type           Power      Damage    Failure   Level
a - Fireball              Conj/Fire      16%        3d8       9%          5
b - Flame Wave            Conj/Fire      33%        2d10      2%          4
c - Scorch                Fire           62%        2d8       1%          2
d - Poisonous Vapours     Pois/Air       12%        N/A       9%          2

Your spell library contained the following spells:

 Spells                   Type           Power      Damage    Failure   Level
 Frozen Ramparts          Ice            12%        1d2       19%         3
 Magic Dart               Conj           100%       1d8       1%          1
 Sting                    Tmut/Pois      24%        1d4       5%          1
 Summon Small Mammal      Summ           24%        N/A       5%          1
 Sublimation of Blood     Necr           6%         N/A       9%          2
 Wereblood                Tmut           6%         N/A       9%          2
 Hailstorm                Conj/Ice       21%        3d6       12%         4
 Call Canine Familiar     Summ           6%         N/A       19%         3
 Gell's Gravitas          Tloc           6%         N/A       19%         3
 Lesser Beckoning         Tloc           6%         N/A       19%         3
 Summon Guardian Golem    Hex/Summ       6%         N/A       19%         3
 Teleport Other           Tloc           6%         N/A       19%         3
 Starburst                Conj/Fire      16%        6d6       47%         6
 Olgreb's Toxic Radiance  Pois           6%         N/A       52%         4
 Summon Cactus Giant      Summ           3%         N/A       100%        6
 Summon Hydra             Summ           3%         N/A       100%        7
 Ignition                 Fire           15%        3d6       100%        8


Dungeon Overview and Level Annotations

Branches:
Dungeon (10/15)            Temple (1/1) D:5            Lair (0/5) D:9
    Orc (0/2) D:9          Bailey (visited)

Altars:
Ashenzari
Cheibriados
Dithmenos
Fedhas
Gozag
Hepliaklqana
Kikubaaqudgha
Makhleb
Nemelex Xobeh
Okawaru
Qazlal
Ru
Sif Muna
Trog
Uskayaw
Vehumet
Wu Jian
Xom
Yredelemnul

Annotations:
D:2 Natasha
D:3 Robin, Sigmund
D:9 Maggie


Innate Abilities, Weirdness & Mutations

You have very sharp fingernails.
When seriously injured, your blood forms thick armour. (AC +9)
Spells you cast may paralyse adjacent enemies.
You are partially covered in large bone plates. (SH +4)
You are clumsy. (Dex -2)
Your system is resistant to poisons. (rPois)
Your spells are a little easier to cast, but a little less powerful.


Message History

Press: ? - help, Dir - look around, f - activate A wave of flame ripples out!
The flame wave engulfs Maggie!
Maggie is moderately wounded.
The flame wave engulfs the manticore.
The manticore is moderately wounded. (Press . to intensify the flame waves.) Malevolent energies surge around you.
Unknown command.
Unknown command.
Casting: Flame Wave (dangerous; 2% risk of failure)
Confirm with . or Enter, or press ? or * to list all spells.
You don't have enough magic to cast this spell.
Unknown command.
Unknown command.
Unknown command.
You aren't carrying any potions.
Unknown command.
Okay, then.
The barbs in your skin will harm you if you move.
Continue?
Okay, then.
The helpless manticore fails to defend itself.
You puncture the manticore!
Your weapon exudes an aura of protection.
The manticore is heavily wounded.
Unknown command.
The helpless manticore fails to defend itself.
You puncture the manticore!
The manticore is almost dead.
Maggie is no longer paralysed.
Maggie hits you with a +0 broad axe of draining.
* * * LOW HITPOINT WARNING * * *
You partially resist.
You feel drained.
The helpless manticore fails to defend itself.
You puncture the manticore!
You kill the manticore!
Vehumet accepts your kill.
Vehumet offers you knowledge of Frozen Ramparts.
Maggie casts a spell at you. The bolt of fire hits you! You resist.
You die...

. .K................ .
...........................
.
....................V......
....######................
.
........:#...............#
. ........#...............#
........#...............#
........#†..............#
........#@..............# .
........@..##########...#
..# ..............#
.......#...#
.##..............#
...o...#)..#
).................#
.......#...#
#....#....######..#
.......'...# ..........
#..# .......#...# .......##
#..# .....).#...# .......##
#..# .......#...#


You could see Maggie.

Vanquished Creatures
  A tengu warrior (D:9)
  A manticore (D:9)
  A troll (D:10)
  2 wraiths
  3 yaks (D:10)
  A basilisk (D:9)
  2 steam dragons
  A vampire mosquito (D:9)
  3 wargs (D:9)
  An acid dragon (D:10)
  Duvessa (D:7)
  A black bear (D:6)
  7 orc warriors
  An ice beast (D:7)
  2 centaurs
  3 ogres
  3 kobold brigands
  2 bullfrogs
  A necrophage (D:5)
  A gnoll sergeant (D:10)
  3 scorpions
  Dowan (D:7)
  4 howler monkeys (D:9)
  A gnoll bouda (D:6)
  2 hounds
  A jelly (D:6)
  7 orc priests
  4 iguanas
  10 orc wizards
  5 gnolls (D:10)
  6 adders
  2 worms (D:2)
  A dart slug (D:4)
  36 orcs
  3 bats
  4 endoplasms
  3 giant cockroaches
  21 goblins
  4 hobgoblins
  4 jackals
  2 quokkas (D:5)
  9 ball pythons
  A frilled lizard (D:1)
  12 kobolds
  2 rats
186 creatures vanquished.

Vanquished Creatures (collateral kills)
  Urug (D:10)
  A centaur (D:5)
  An iguana (D:5)
3 creatures vanquished.

Vanquished Creatures (others)
  A plant (D:9)
1 creature vanquished.

Grand Total: 190 creatures vanquished

Notes
Turn   | Place    | Note
-------+----------+-------------------------------------------
     0 | D:1      | Amplified the Demonspawn Wanderer began the quest for the
                  | Orb.
     0 | D:1      | Amplified set off with the following items: a +0 mace, a +0
                  | pair of gloves, a scroll of fear, a +0 robe; and the
                  | following spell memorised: Magic Dart; and the following
                  | spells available to memorise: Flame Wave, Hailstorm.
     0 | D:1      | Reached XP level 1. HP: 15/15 MP: 2/2
   448 | D:1      | Gained mutation: When seriously injured, your blood forms
                  | armour. (AC +9) [demonic ancestry]
   448 | D:1      | Reached XP level 2. HP: 14/21 MP: 0/3
   578 | D:1      | Found a faded altar of an unknown god.
  1352 | D:2      | Reached XP level 3. HP: 18/27 MP: 1/4
  2127 | D:2      | Noticed Natasha
  2278 | D:3      | Reached XP level 4. HP: 33/33 MP: 5/5
  2402 | D:3      | Noticed Sigmund
  2520 | D:2      | Learned a level 4 spell: Flame Wave
  2998 | D:3      | Noticed Robin
  3050 | D:4      | Noticed a scorpion
  3536 | D:5      | Entered Level 5 of the Dungeon
  3693 | D:5      | Reached XP level 5. HP: 22/39 MP: 7/7
  3697 | D:5      | Noticed an ogre
  3722 | D:5      | Noticed a centaur
  3730 | D:5      | Killed a centaur
  3731 | D:5      | Reached skill level 1 in Fire Magic
  3811 | D:5      | Gained mutation: You have sharp fingernails. [demonic
                  | ancestry]
  3811 | D:5      | Reached XP level 6. HP: 30/46 MP: 9/9
  4054 | D:5      | Found a staircase to the Ecumenical Temple.
  4323 | D:5      | Found a snail-covered altar of Cheibriados.
  4456 | Temple   | Entered the Ecumenical Temple
  4625 | Temple   | Became a worshipper of Vehumet
  4734 | D:5      | Learned a level 2 spell: Scorch
  5048 | D:4      | Gained mutation: When seriously injured, your blood forms
                  | thick armour. (AC +9) [demonic ancestry]
  5048 | D:4      | Reached XP level 7. HP: 52/52 MP: 11/11
  5827 | D:6      | Noticed a two-headed ogre
  5875 | D:5      | Reached * piety under Vehumet
  5875 | D:5      | Offered knowledge of Shock by Vehumet.
  6091 | D:6      | Reached XP level 8. HP: 60/60 MP: 13/13
  6204 | D:6      | Identified the amulet of Moxtesash {Faith Dex+3}
  6480 | D:7      | Reached skill level 5 in Maces & Flails
  6488 | D:7      | Noticed a two-headed ogre
  6533 | D:7      | Noticed Dowan
  6668 | D:8      | Reached skill level 5 in Conjurations
  7045 | D:9      | Reached skill level 5 in Fighting
  7316 | D:9      | Gained mutation: You are clumsy. (Dex -2) [potion of
                  | mutation]
  7316 | D:9      | Gained mutation: Your spells are a little easier to cast,
                  | but a little less powerful. [potion of mutation]
  7316 | D:9      | Gained mutation: Your system is resistant to poisons.
                  | (rPois) [potion of mutation]
  7316 | D:9      | Gained mutation: You are partially covered in large bone
                  | plates. (SH +4) [potion of mutation]
  7465 | D:7      | Noticed Duvessa
  7466 | D:7      | Killed Dowan
  7467 | D:7      | Gained mutation: Spells you cast may paralyse adjacent
                  | enemies. [demonic ancestry]
  7467 | D:7      | Reached XP level 9. HP: 62/68 MP: 10/15
  7604 | D:7      | Killed Duvessa
  9159 | D:9      | Reached skill level 5 in Spellcasting
  9168 | D:9      | Noticed Maggie
  9235 | D:9      | Learned a level 5 spell: Fireball
  9412 | D:9      | Reached ** piety under Vehumet
  9414 | D:9      | Noticed a boulder beetle
  9428 | D:10     | Entered Level 10 of the Dungeon
  9429 | D:10     | Found a flagged portal.
  9436 | D:10     | Offered knowledge of Static Discharge by Vehumet.
  9453 | D:10     | Noticed Urug
  9461 | Bailey   | Entered a bailey
  9735 | Bailey   | Reached skill level 5 in Fire Magic
 10056 | Bailey   | Learned a level 2 spell: Poisonous Vapours
 10389 | D:10     | Identified the +11 rapier of Interdependent Arising
                  | {protect, rElec rN++ Will+ Str+2}
 10473 | D:10     | Noticed a troll
 10663 | D:10     | Killed a troll
 10785 | D:10     | Killed Urug
 10786 | D:10     | Gained mutation: You have very sharp fingernails. [demonic
                  | ancestry]
 10786 | D:10     | Reached XP level 10. HP: 77/77 MP: 7/18
 11638 | D:9      | Identified the +7 sling "Cishur" {freeze, *Slow rN+ Int+3}
 11638 | D:9      | Noticed a tengu warrior
 11642 | D:9      | Noticed a wizard
 11658 | D:9      | Noticed a boulder beetle
 11665 | D:9      | Noticed a manticore
 11675 | D:9      | Found a staircase to the Lair.
 11967 | D:9      | Found a staircase to the Orcish Mines.
 12175 | D:9      | Killed a tengu warrior
 12176 | D:9      | Reached skill level 1 in Short Blades
 12184 | D:9      | HP: 1/79 [Maggie/+0 broad axe of draining (4)]
 12185 | D:9      | Killed a manticore
 12185 | D:9      | Offered knowledge of Frozen Ramparts by Vehumet.
 12185 | D:9      | Killed from afar by Maggie

Illustrated notes

Levels and vault maps discovered:
D:1:      dpeg_arrival_snail, layout_rooms,
          shapermc_ecumenical_altar_mp_vishouse, minmay_shallow_snake_nest
D:2:      layout_loops_ring, minmay_door_square, eino_tiny_chamber, uniq_natasha
D:3:      layout_basic, uniq_robin, uniq_sigmund
D:4:      layout_rooms, minmay_goblin_outpost
D:5:      layout_loops_ring, cheibriados_altar_1,
          minmay_temple_entry_stoned_glass, lightli_ossuary_entry_decrepit_ruins
D:6:      layout_loops_corners, minmay_chambers_of_fives
D:7:      layout_basic, uniq_duvessa
D:8:      layout_cave_pools
D:9:      minmay_cut_squares, layout_irregular_city, erik_lair_orcish_takeover,
          uniq_maggie
D:10:     layout_basic, enter_bailey_3, hangedman_abyss_or_decor_passed,
          uniq_urug
Temple:   nicolae_temple_bog_church

Skill      XL: |  1  2  3  4  5  6  7  8  9 10 |
---------------+-------------------------------+-----
Maces & Flails | 3 4 5 6 |  6.2
Fighting       | 2 3 4 5 6 7 |  7.5
Armour         | 2 |  2.0
Spellcasting   | 2 3 4 5 6 |  6.6
Conjurations   | 3 4 5 6 7 |  7.6
Fire Magic     | 1 2 3 4 5 6 |  6.5
Short Blades   | 1 |  1.3
Dodging        | |  1.0
Stealth        | |  1.0

Action                   |  1- 3 |  4- 6 |  7- 9 | 10-12 || total
-------------------------+-------+-------+-------+-------++-------
Melee: Mace              |    93 |    65 |    80 |       ||   238
       Staff             |     1 |       |       |       ||     1
       Punch             |     2 |     2 |     2 |     1 ||     7
       Flail             |       |    69 |   101 |       ||   170
       Rapier            |       |       |     6 |    58 ||    64
Throw: Dart              |     4 |     4 |     1 |       ||     9
       Boomerang         |     3 |       |       |       ||     3
 Cast: Magic Dart        |    24 |    15 |     2 |       ||    41
       Scorch            |       |     5 |   124 |    18 ||   147
       Poisonous Vapours |       |       |    14 |    32 ||    46
       Flame Wave        |       |       |     6 |     3 ||     9
       Fireball          |       |       |     3 |       ||     3
Evoke: Wand              |       |     9 |       |       ||     9
  Use: Scroll            |     6 |    12 |    15 |     7 ||    40
       Potion            |     1 |     6 |     8 |     5 ||    20
 Stab: Sleeping          |     3 |     1 |       |       ||     4
       Distracted        |       |     1 |       |       ||     1
       Paralysed         |       |       |    10 |    18 ||    28
Armor: Skin              |     9 |       |    27 |       ||    36
       Robe              |    31 |    56 |    76 |    29 ||   192
Dodge: Dodged            |    77 |   139 |   172 |    84 ||   472
Block: Other             |       |       |    20 |    20 ||    40
